 Dungeon Crawl Stone Soup version 0.27.1-3-gb3d3a73c9e (webtiles) character file.

Game seed: 6716636878602306308

65 Crownlay the Gusty (level 4, -6/32 HPs)
             Began as a Gnoll Air Elementalist on Oct 29, 2021.
             Killed from afar by Ijyb (9 damage)
             ... with a puff of flame
             ... on level 3 of the Dungeon.
             The game lasted 00:03:24 (2312 turns).

Crownlay the Gusty (Gnoll Air Elementalist)         Turns: 2312, Time: 00:03:24

Health: -6/32      AC:  2    Str:  8    XL:     4   Next: 13%
Magic:  1/11       EV: 17    Int: 15    God:
Gold:   110        SH:  0    Dex: 12    Spells: 6/13 levels left

rFire    . . .     SeeInvis .   e - +3 spear
rCold    . . .     Faith    .   (no shield)
rNeg     . . .     Spirit   .   a - +0 robe
rPois    .         Reflect  .   (no helmet)
rElec    .         Harm     .   (no cloak)
rCorr    .         Rampage  .   (no gloves)
Will     .....                  (no boots)
Stlth    ++........             (no amulet)
HPRegen  0.10/turn              d - +4 ring of evasion
MPRegen  0.12/turn              (no ring)

@: no status effects
A: fangs 1, strong nose, distributed training
a: no special abilities


You were on level 3 of the Dungeon.
You visited 1 branch of the dungeon, and saw 3 of its levels.

You collected 110 gold pieces.

Inventory:

Hand Weapons
 e - a +3 spear (weapon)
Armour
 a - a +0 robe (worn)
Jewellery
 d - a +4 ring of evasion (left hand)
Wands
 g - a wand of digging (3)
Scrolls
 c - a scroll of identify {unknown}
Potions
 b - a potion of degeneration {unknown}
 f - a potion of curing {unknown}


   Skills:
 + Level 1.0 Fighting
 + Level 1.0 Short Blades
 + Level 1.0 Long Blades
 + Level 1.0 Axes
 + Level 1.0 Maces & Flails
 + Level 1.0 Polearms
 + Level 1.0 Staves
 + Level 1.0 Slings
 + Level 1.0 Bows
 + Level 1.0 Crossbows
 + Level 1.0 Throwing
 + Level 1.0 Armour
 + Level 4.6 Dodging
 + Level 4.2 Stealth
 + Level 1.0 Shields
 + Level 1.0 Unarmed Combat
 + Level 5.0 Spellcasting
 + Level 2.2 Conjurations
 + Level 0.8 Hexes
 + Level 0.8 Summonings
 + Level 0.8 Necromancy
 + Level 0.8 Translocations
 + Level 0.8 Transmutations
 + Level 0.8 Fire Magic
 + Level 0.8 Ice Magic
 + Level 5.4 Air Magic
 + Level 0.8 Earth Magic
 + Level 0.8 Poison Magic
 + Level 1.1 Invocations
 + Level 1.0 Evocations


You had 6 spell levels left.
You knew the following spells:

 Your Spells              Type           Power      Damage    Failure   Level
a - Shock                 Conj/Air       60%        1d6       3%          1
b - Static Discharge      Conj/Air       15%        N/A       4%          2
c - Airstrike             Air            10%        N/A       17%         4

Your spell library contained the following spells:

 Spells                   Type           Power      Damage    Failure   Level
 Swiftness                Air            20%        N/A       5%          3


Dungeon Overview and Level Annotations

Branches:
Dungeon (3/15)

Altars:
Dithmenos

Annotations:
D:3 Ijyb


Innate Abilities, Weirdness & Mutations

You have very sharp teeth.
Your uncanny sense of smell can sniff out nearby items.
Your experience applies equally to all skills.


Message History

Confirm with . or Enter, or press ? or * to list all spells.
Ijyb is struck by an arc of lightning!
Ijyb is heavily wounded.
You are struck by an arc of lightning.
The lightning grounds out.
Ijyb hits you with a +0 club.
Casting: Static Discharge (safe; 4% risk of failure)
Confirm with . or Enter, or press ? or * to list all spells.
Ijyb is struck by an arc of lightning.
Ijyb is severely wounded.
You are struck by an arc of lightning.
The lightning grounds out.
Ijyb misses you.
Casting: Static Discharge (safe; 4% risk of failure)
Confirm with . or Enter, or press ? or * to list all spells.
You don't have enough magic to cast this spell.
You barely miss Ijyb.
Ijyb is severely wounded.
Ijyb closely misses you.
You hit Ijyb.
Ijyb is severely wounded.
Ijyb hits you with a +0 club.
You closely miss Ijyb.
Ijyb is severely wounded.
Ijyb misses you.
You puncture Ijyb!
Ijyb is almost dead.
Ijyb zaps a wand.
The puff of flame hits you! Ijyb hits you with a +0 club.
* * * LOW HITPOINT WARNING * * *
You barely miss Ijyb.
Ijyb is almost dead.
Ijyb hits you with a +0 club.
* * * LOW HITPOINT WARNING * * *
Casting: Static Discharge (safe; 4% risk of failure)
Confirm with . or Enter, or press ? or * to list all spells.
Aiming: Shock (safe; 3% risk of failure)
Press: ? - help, Shift-Dir - straight line, f/p - Ijyb
Aim: Ijyb, wielding a +0 club, wearing a +0 scale mail and carrying a wand of flame (18) (almost dead, 68% to hit)
The zap hits Ijyb.
Ijyb is almost dead.
Ijyb zaps a wand.
The puff of flame hits you!
You die...

########. .#...##
........ ..... #######.
..... ##### #. ...
#...####. ... #........
#.####.# #...###..
#....g.#########.##....
#@....<.........##
#.#####.#####..... #.#
#.# #.###. #.# ##.##
#...#.
#.####.#.#####..#.
#.....###.........
######.#.#########
##.## ###


You could see Ijyb.

Vanquished Creatures
  A gnoll (D:1)
  2 worms (D:2)
  2 dart slugs
  5 ball pythons
  2 endoplasms
  5 giant cockroaches
  A goblin (D:2)
  6 hobgoblins
  2 quokkas (D:1)
  5 bats
  6 frilled lizards
  5 kobolds
  6 rats
48 creatures vanquished.

Vanquished Creatures (others)
  4 plants (D:1)
4 creatures vanquished.

Grand Total: 52 creatures vanquished

Notes
Turn   | Place    | Note
-------+----------+-------------------------------------------
     0 | D:1      | Crownlay the Gnoll Air Elementalist began the quest for the
                  | Orb.
     0 | D:1      | Reached XP level 1. HP: 13/13 MP: 6/6
   191 | D:1      | Reached XP level 2. HP: 19/19 MP: 2/7
   358 | D:1      | Learned a level 2 spell: Static Discharge
   474 | D:1      | Reached XP level 3. HP: 25/25 MP: 7/9
   545 | D:1      | Reached skill level 5 in Spellcasting
   702 | D:1      | Found a faded altar of an unknown god.
   834 | D:1      | Reached skill level 1 in Invocations
  1574 | D:2      | Found a shadowy altar of Dithmenos.
  1672 | D:2      | Reached skill level 1 in Fighting
  1672 | D:2      | Reached skill level 1 in Short Blades
  1672 | D:2      | Reached skill level 1 in Long Blades
  1672 | D:2      | Reached skill level 1 in Axes
  1672 | D:2      | Reached skill level 1 in Maces & Flails
  1672 | D:2      | Reached skill level 1 in Polearms
  1672 | D:2      | Reached skill level 1 in Staves
  1672 | D:2      | Reached skill level 1 in Slings
  1672 | D:2      | Reached skill level 1 in Bows
  1672 | D:2      | Reached skill level 1 in Crossbows
  1672 | D:2      | Reached skill level 1 in Throwing
  1672 | D:2      | Reached skill level 1 in Armour
  1672 | D:2      | Reached skill level 1 in Shields
  1672 | D:2      | Reached skill level 1 in Unarmed Combat
  1672 | D:2      | Reached skill level 1 in Evocations
  1971 | D:2      | Reached XP level 4. HP: 32/32 MP: 1/11
  2068 | D:2      | Learned a level 4 spell: Airstrike
  2298 | D:3      | Noticed Ijyb
  2312 | D:3      | Killed from afar by Ijyb

Illustrated notes

Levels and vault maps discovered:
D:1:      dpeg_arrival_lava_altar, layout_basic,
          hellmonk_ecumenical_altar_arch_garden, st_stairs_7,
          minmay_strange_pillars, serial_bayou_lake_a
D:2:      layout_rooms, basic_altar, kennysheep_pointless_box,
          serial_bayou_crossing
D:3:      layout_loops_ring, hangedman_abyss_or_decor_stabs,
          kennysheep_cross_bottleneck, minmay_circle_x, uniq_robin, uniq_ijyb,
          uniq_terence, uniq_sigmund

Skill      XL: |  1  2  3 |
---------------+----------+-----
Conjurations   | 2 |  2.2
Spellcasting   | 5 |  5.0
Invocations    | 1 |  1.1
Fighting       | 1 |  1.0
Short Blades   | 1 |  1.0
Long Blades    | 1 |  1.0
Axes           | 1 |  1.0
Maces & Flails | 1 |  1.0
Polearms       | 1 |  1.0
Staves         | 1 |  1.0
Slings         | 1 |  1.0
Bows           | 1 |  1.0
Crossbows      | 1 |  1.0
Throwing       | 1 |  1.0
Armour         | 1 |  1.0
Shields        | 1 |  1.0
Unarmed Combat | 1 |  1.0
Evocations     | 1 |  1.0
Dodging        | |  4.6
Stealth        | |  4.2
Hexes          | |  0.8
Summonings     | |  0.8
Necromancy     | |  0.8
Translocations | |  0.8
Transmutations | |  0.8
Fire Magic     | |  0.8
Ice Magic      | |  0.8
Air Magic      | |  5.4
Earth Magic    | |  0.8
Poison Magic   | |  0.8

Action                   |  1- 3 |  4- 6 || total
-------------------------+-------+-------++-------
Melee: Hand axe          |     3 |       ||     3
       Spear             |       |     5 ||     5
 Cast: Shock             |    92 |    15 ||   107
       Static Discharge  |       |     2 ||     2
Dodge: Dodged            |     5 |     5 ||    10
